 Dungeon Crawl Stone Soup version 0.25-a0-632-g7713895373 (webtiles) character file.

Game seed: 8150343187098488944, levelgen mode: deterministic

475 Envy91 the Fighter (level 6, -13/61 HPs)
             Began as a Minotaur Berserker on Mar 19, 2020.
             Was a Priest of Trog.
             Killed from afar by Dowan (17 damage)
             ... with a shard of ice
             ... on level 4 of the Dungeon.
             The game lasted 00:26:39 (3117 turns).

Envy91 the Fighter (Minotaur Berserker)             Turns: 3117, Time: 00:26:39

Health: -13/61     AC:  5    Str: 24    XL:     6   Next: 84%
Magic:  5/5        EV: 11    Int:  4    God:    Trog [***...]
Gold:   163        SH:  0    Dex:  9    Spells: 5/5 levels left

rFire    . . .     SeeInvis .   m - +1 hand axe (flame)
rCold    . . .     Gourm    .   (no shield)
rNeg     . . .     Faith    .   o - +0 ring mail
rPois    .         Spirit   .   (helmet restricted)
rElec    .         Reflect  .   (no cloak)
rCorr    .         Harm     .   (no gloves)
MR       .....                  (no boots)
Stlth    ..........             (no amulet)
HPRegen  0.20/turn              (no ring)
MPRegen  0.09/turn              (no ring)

@: berserk cooldown, slowed, very slow
A: retaliatory headbutt, horns 2
a: Berserk, Trog's Hand, Renounce Religion


You were on level 4 of the Dungeon.
You worshipped Trog.
Trog was most pleased with you.
You were very hungry.

You visited 1 branch of the dungeon, and saw 4 of its levels.

You collected 163 gold pieces.

Inventory:

Hand Weapons
 m - a +1 hand axe of flaming (weapon)
Missiles
 h - 18 arrows (quivered)
 n - 10 poisoned darts
Armour
 o - a +0 ring mail (worn)
Scrolls
 a - a scroll of blinking {unknown}
 b - 2 scrolls of identify
 i - a scroll of immolation
 j - a scroll of amnesia {unknown}
 k - 2 scrolls of remove curse {unknown}
 l - 2 scrolls of teleportation {unknown}
Potions
 d - 2 potions of degeneration {unknown}
 e - 2 potions of curing {unknown}
 f - a potion of heal wounds {unknown}
 g - a potion of flight {unknown}
 q - a potion of lignification {unknown}
Comestibles
 c - 7 rations
 p - 2 chunks of flesh


   Skills:
 - Level 8.2 Fighting
 + Level 5.8 Axes
 - Level 2.4 Armour
 - Level 2.2 Dodging


You had 5 spell levels left.
You didn't know any spells.
Your spell library was empty.

Dungeon Overview and Level Annotations

Branches:
Dungeon (4/15)
 Temple: D:4-7

Altars:
Sif Muna
Xom

Annotations:
D:4 Dowan


Innate Abilities, Weirdness & Mutations

You reflexively headbutt those who attack you in melee.
You have a pair of horns on your head.


Message History

The shard of ice hits you! Dowan hits you but does no damage.
Dowan points at you and mumbles some strange words.
The shard of ice hits you!
You are too injured to fight recklessly!
You hit Dowan but do no damage.
Dowan is lightly wounded.
Dowan hits you with a +0 dagger. Dowan hits you but does no damage.
You completely miss Dowan. Your headbutt misses Dowan.
Dowan is lightly wounded.
Dowan points at you and mumbles some strange words.
The shard of ice hits you!
* * * LOW HITPOINT WARNING * * *
Dowan points at you and mumbles some strange words.
The shard of ice misses you.
You miss Dowan. Dowan hits you with a +0 dagger.
* * * LOW HITPOINT WARNING * * *
Dowan hits you but does no damage. Dowan gestures at you while chanting.
The shard of ice hits you!
You die...

# #.# . #.# ##
#.#.# +## ...
#.#.# ..#
....#.#.#####>###
..)...... .....
#......#####.#####
#.........@e....<#
#......#####..####
#.%....# ##.##
#......# #..#
#......# ##.#
#......# #รท#
#......# #.##
#......# ###..###
#......#


You could see Dowan.

Vanquished Creatures
  Edmund (D:4)
  Duvessa (D:4)
  A wyvern zombie (D:4)
  An orc priest (D:2)
  A hound (D:3)
  A worker ant (D:4)
  2 adders (D:3)
  An ooze (D:3)
  An adder skeleton (D:4)
  A worm (D:2)
  2 dart slugs (D:1)
  3 leopard geckos
  8 orcs
  6 bats
  6 giant cockroaches
  7 goblins
  8 hobgoblins
  11 kobolds
  2 quokkas (D:3)
  A ball python (D:4)
  4 frilled lizards
  10 rats
  A plant (D:3)
80 creatures vanquished.

Notes
Turn   | Place    | Note
-------+----------+-------------------------------------------
     0 | D:1      | Envy91 the Minotaur Berserker began the quest for the Orb.
     0 | D:1      | Reached XP level 1. HP: 19/19 MP: 0/0
   175 | D:1      | Reached skill level 4 in Fighting
   177 | D:1      | Reached XP level 2. HP: 23/27 MP: 1/1
   712 | D:1      | Reached XP level 3. HP: 35/35 MP: 2/2
   754 | D:1      | Reached skill level 5 in Fighting
  1471 | D:2      | Reached ** piety under Trog
  1485 | D:2      | Found a shimmering blue altar of Sif Muna.
  1575 | D:2      | Reached XP level 4. HP: 42/42 MP: 3/3
  1685 | D:3      | Reached skill level 6 in Fighting
  1906 | D:3      | Reached XP level 5. HP: 51/51 MP: 4/4
  2041 | D:3      | Found a shimmering altar of Xom.
  2042 | D:3      | Found a shimmering altar of Xom.
  2044 | D:3      | Found a shimmering altar of Xom.
  2044 | D:3      | Found a shimmering altar of Xom.
  2056 | D:3      | Found a shimmering altar of Xom.
  2898 | D:3      | Reached *** piety under Trog
  3006 | D:4      | Reached skill level 7 in Fighting
  3083 | D:4      | Noticed Edmund
  3085 | D:4      | Noticed Duvessa
  3085 | D:4      | Noticed Dowan
  3095 | D:4      | Killed Edmund
  3095 | D:4      | Reached skill level 8 in Fighting
  3095 | D:4      | Reached XP level 6. HP: 61/61 MP: 5/5
  3098 | D:4      | Killed Duvessa
  3098 | D:4      | Reached skill level 5 in Axes
  3117 | D:4      | Killed from afar by Dowan

Levels and vault maps discovered:
D:1:      onia_arrival_mini_spirals, layout_rooms
D:2:      layout_loops_ring, lemuel_doored_altar
D:3:      corexii_shack_village, layout_loops_ring, first_ration,
          xom_redecorated
D:4:      layout_basic, uniq_duvessa, uniq_edmund

Skill      XL: |  1  2  3  4  5  6 |
---------------+-------------------+-----
Fighting       | 4 5 6 8 |  8.2
Axes           | 4 5 |  5.8
Armour         | |  2.4
Dodging        | |  2.2

Action                   |  1- 3 |  4- 6 || total
-------------------------+-------+-------++-------
Melee: Hand axe          |    62 |   115 ||   177
       Headbutt          |     8 |    17 ||    25
Invok: Berserk           |     3 |     3 ||     6
       Trog's Hand       |       |     1 ||     1
  Use: Scroll            |       |     2 ||     2
  Eat: Chunk             |     4 |     4 ||     8
       Ration            |       |     1 ||     1
Armor: Animal skin       |    14 |     1 ||    15
       Leather armour    |       |     1 ||     1
       Ring mail         |       |    22 ||    22
Dodge: Dodged            |    52 |    48 ||   100

Table legend:
 A = Non-vault XP
 B = Vault XP
 C = Vault XP percentage of total XP
 D = Non-vault monster count
 E = Vault monster count
 F = Vault count percentage of total count
                 A         B        C        D         E       F
            +---------+---------+-------+---------+---------+-------
      Total |     353 |     326 |  48.0 |      63 |      16 |  20.3
            +---------+---------+-------+---------+---------+-------
        D:1 |      46 |       0 |   0.0 |      25 |       0 |   0.0
        D:2 |      67 |       0 |   0.0 |      12 |       0 |   0.0
        D:3 |     110 |      27 |  19.7 |      21 |      14 |  40.0
        D:4 |     130 |     299 |  69.7 |       5 |       2 |  28.6
            +---------+---------+-------+---------+---------+-------
